 Dungeon Crawl Stone Soup version 0.26-a0-312-g187c3b9 (webtiles) character file.

Game seed: 10493304630821166242

945 pkoi the Conjurer (level 7, -2/32 HPs)
             Began as a Spriggan Conjurer on July 15, 2020.
             Was a Follower of Dithmenos.
             Slain by Duvessa
             ... wielding a +1 rapier of electrocution
              (20 damage)
             ... on level 6 of the Dungeon.
             The game lasted 00:12:21 (7002 turns).

pkoi the Conjurer (Spriggan Conjurer)               Turns: 7002, Time: 00:12:23

Health: -2/32      AC:  3    Str:  3    XL:     7   Next: 89%
Magic:  7/12       EV: 18    Int: 21    God:    Dithmenos [*.....]
Gold:   336        SH:  0    Dex: 15    Spells: 4/11 levels left

rFire    . . .     SeeInvis +   q - +1 dagger
rCold    . . .     Faith    .   (shield restricted)
rNeg     . . .     Spirit   .   a - +1 robe
rPois    .         Reflect  .   (helmet restricted)
rElec    .         Harm     .   (no cloak)
rCorr    .                      (gloves unavailable)
MR       +....                  (boots unavailable)
Stlth    ++++......             (no amulet)
HPRegen  0.10/turn              j - ring of stealth
MPRegen  0.13/turn              t - ring of flight

@: wreathed by umbra, very quick
A: very small, unfitting armour, see invisible, speed 3
a: Renounce Religion, Evoke Flight


You were on level 6 of the Dungeon.
You worshipped Dithmenos.
Dithmenos was aware of your devotion.
You visited 2 branches of the dungeon, and saw 7 of its levels.

You collected 336 gold pieces.

Inventory:

Hand Weapons
 q - a +1 dagger (weapon)
Missiles
 r - 4 curare-tipped darts (quivered)
Armour
 a - a +1 robe (worn)
Jewellery
 g - an uncursed ring of protection from magic {unknown}
 j - a ring of stealth (left hand)
 t - a ring of flight (right hand)
Scrolls
 b - 2 scrolls of enchant weapon
 f - a scroll of teleportation
 m - 2 scrolls of amnesia
 p - 2 scrolls of remove curse
 u - 5 scrolls of identify
Potions
 c - 3 potions of flight {unknown}
 d - 3 potions of magic {unknown}
 e - 2 potions of heal wounds {unknown}
 i - a potion of resistance
 n - 4 potions of lignification {unknown}
 o - 5 potions of curing {unknown}
 s - a potion of haste {unknown}
 v - a potion of brilliance {unknown}


   Skills:
 + Level 0.0 Fighting
 + Level 3.0 Dodging
 - Level 3.0 Stealth
 - Level 2.6 Spellcasting
 * Level 6.7 Conjurations
 - Level 6.4 Translocations


You had 4 spell levels left.
You knew the following spells:

 Your Spells              Type           Power        Failure   Level
a - Magic Dart            Conj           ####         1%          1
b - Searing Ray           Conj           ####..       1%          2
c - Iskenderun's Mystic   Conj/Tloc      ####....     9%          4

Your spell library contained the following spells:

 Spells                   Type           Power        Failure   Level
 Dazzling Flash           Conj/Hex       ###...       11%         3
 Fulminant Prism          Conj/Hex       ###.......   34%         4


Dungeon Overview and Level Annotations

Branches:
Dungeon (6/15)             Temple (1/1) D:4

Altars:
Ashenzari
Dithmenos
Elyvilon
Fedhas
Gozag
Hepliaklqana
Kikubaaqudgha
Makhleb
Nemelex Xobeh
Okawaru
Qazlal
Ru
Sif Muna
Trog
Uskayaw
Vehumet
Wu Jian
Xom
Yredelemnul
Zin
The Shining One

Shops:
D:5 [

Annotations:
D:6 Dowan, Duvessa


Innate Abilities, Weirdness & Mutations

You are very small and have problems with some larger weapons.
You are too small for most types of armour.
You have supernaturally acute eyesight. (SInv)
You cover ground extremely quickly.


Message History

Aiming: Searing Ray (safe; 1% risk of failure)
Press: ? - help, Shift-Dir - straight line, f - Duvessa
Aim: Duvessa, wielding a +1 rapier of electrocution and wearing a +0 ring mail The searing ray hits Duvessa.
Duvessa is lightly wounded. (Press . to maintain the ray.) Dowan points at Duvessa and mumbles some strange words.
Duvessa seems to speed up.
The searing ray hits Duvessa.
Duvessa is lightly wounded.
The searing ray hits Duvessa.
Duvessa is moderately wounded.
The searing ray hits Duvessa.
Duvessa is moderately wounded.
You finish channeling your searing ray.
Duvessa hits you with a +1 rapier of electrocution!
Duvessa hits you with a +1 rapier of electrocution.
You are electrocuted!!
Ouch! That really hurt!
You die...

....#.(....#....
....#...####...
....#...#.....# ####
....#...#.....+ ...#
....#...#.....# ...#
....#...#.....# ...#
....###+#.....# ...#
.........<#'#####...####
..........#.....@e......
..........#.............
...(......#........e....
..........##############
###########


You could see Duvessa (fast) and Dowan.

Vanquished Creatures
  An orc warrior (D:5)
  An ice beast (D:5)
  2 ogres
  A bullfrog skeleton (D:4)
  An orc priest (D:3)
  2 hounds (D:4)
  3 orc wizards
  Terence (D:3)
  An iguana (D:5)
  4 worker ants
  A killer bee zombie (D:5)
  Robin (D:3)
  A gnoll (D:2)
  4 adders
  2 shadow imps
  2 white imps (D:5)
  An ooze (D:5)
  2 adder skeletons (D:5)
  2 dart slugs (D:1)
  A worm (D:4)
  7 leopard geckos
  11 orcs
  A ball python (D:3)
  12 bats
  5 giant cockroaches
  14 goblins
  11 hobgoblins
  3 jackals
  9 kobolds
  5 quokkas
  11 frilled lizards
  2 leopard gecko skeletons
  7 rats
132 creatures vanquished.

Notes
Turn   | Place    | Note
-------+----------+-------------------------------------------
     0 | D:1      | pkoi the Spriggan Conjurer began the quest for the Orb.
     0 | D:1      | Reached XP level 1. HP: 9/9 MP: 5/5
   138 | D:1      | Reached XP level 2. HP: 13/13 MP: 3/6
   204 | D:1      | Learned a level 2 spell: Searing Ray
   789 | D:1      | Reached XP level 3. HP: 16/16 MP: 4/8
  1670 | D:2      | Reached XP level 4. HP: 19/21 MP: 0/9
  1753 | D:1      | Learned a level 4 spell: Iskenderun's Mystic Blast
  2337 | D:3      | Reached skill level 1 in Translocations
  2480 | D:3      | Found an iron altar of Okawaru.
  2629 | D:3      | Reached XP level 5. HP: 11/24 MP: 6/10
  2787 | D:3      | Noticed Terence
  2794 | D:3      | Killed Terence
  2997 | D:3      | Identified the +2 helmet "Vahuacur" {+Fly rElec rC+}
  2997 | D:3      | Noticed Robin
  3389 | D:3      | Reached skill level 5 in Conjurations
  3493 | D:3      | Killed Robin
  3674 | D:4      | Noticed an ogre
  3680 | D:4      | Killed an ogre
  3680 | D:4      | Reached XP level 6. HP: 28/28 MP: 3/11
  4139 | D:4      | Found a staircase to the Ecumenical Temple.
  4642 | Temple   | Entered the Ecumenical Temple
  4968 | Temple   | Became a worshipper of Dithmenos the Shadowed
  5003 | D:5      | Entered Level 5 of the Dungeon
  5003 | D:5      | Found Zuacigi's Antique Armour Emporium.
  5204 | D:5      | Noticed an orc warrior
  5215 | D:5      | Reached XP level 7. HP: 32/32 MP: 7/12
  5280 | D:5      | HP: 1/32 [orc warrior/boomerang (19)]
  5986 | D:5      | Reached skill level 5 in Translocations
  6782 | D:5      | Reached * piety under Dithmenos
  6996 | D:6      | Noticed Duvessa
  6997 | D:6      | Noticed Dowan
  7002 | D:6      | Slain by Duvessa

Illustrated notes

Levels and vault maps discovered:
D:1:      dpeg_arrival_boxorama, layout_rooms
D:2:      minmay_recursive_quarters, layout_rooms, minmay_misc_feat_iff,
          minmay_lizard_king
D:3:      layout_rooms, chequers_serial_rivers_marsh, okawaru_metal_pillars_1_2,
          uniq_terence, uniq_robin
D:4:      layout_basic, minmay_temple_entry_water_ring
D:5:      layout_rooms, serial_shops, shop, st_stairs_5,
          kennysheep_generic_room_11
D:6:      kennysheep_big_flooded_room, layout_gridville, minmay_misc_feat_alley,
          uniq_duvessa
Temple:   regret_index_temple_sigil_plot

Skill      XL: |  1  2  3  4  5  6  7 |
---------------+----------------------+-----
Conjurations   | 3 4 5 6 |  6.7
Translocations | 2 3 4 6 |  6.4
Dodging        | |  3.0
Stealth        | |  3.0
Spellcasting   | |  2.6

Action                   |  1- 3 |  4- 6 |  7- 9 || total
-------------------------+-------+-------+-------++-------
Melee: Dagger            |       |     5 |       ||     5
 Cast: Magic Dart        |    89 |   110 |    43 ||   242
       Searing Ray       |       |    17 |    16 ||    33
  Use: Scroll            |       |     9 |       ||     9
Armor: Robe              |       |     2 |       ||     2
Dodge: Dodged            |     4 |    22 |    24 ||    50

Table legend:
 A = Non-vault XP
 B = Vault XP
 C = Vault XP percentage of total XP
 D = Non-vault monster count
 E = Vault monster count
 F = Vault count percentage of total count
                 A         B        C        D         E       F
            +---------+---------+-------+---------+---------+-------
      Total |    1210 |     141 |  10.4 |     101 |      31 |  23.5
            +---------+---------+-------+---------+---------+-------
        D:1 |      48 |       0 |   0.0 |      26 |       0 |   0.0
        D:2 |      45 |      32 |  41.6 |      18 |      14 |  43.8
        D:3 |     137 |      73 |  34.8 |      20 |      13 |  39.4
        D:4 |     319 |       0 |   0.0 |      13 |       0 |   0.0
        D:5 |     661 |      36 |   5.2 |      24 |       4 |  14.3
            +---------+---------+-------+---------+---------+-------
